 Dungeon Crawl Stone Soup version 0.17-a0-1769-g54adf96 (console) character file.

49 utis the Magician (level 4, 0/24 HPs)
             Began as a Kobold Wizard on Sept 7, 2015.
             Killed by nerve-wracking pain
             ... invoked by Jessica
              (14 damage)
             ... on level 1 of the Dungeon.
             The game lasted 00:07:34 (2389 turns).

utis the Magician (Kobold Wizard)                   Turns: 2389, Time: 00:07:34

Health: 0/24       AC:  2    Str:  6    XL:     4   Next: 1%
Magic:  1/8        EV: 15    Int: 16    God:
Gold:   48         SH:  0    Dex: 14    Spells: 4 memorised, 0 levels left

rFire  . . .     SeeInvis .     h - +0 short sword
rCold  . . .     Clarity  .     a - +0 robe
rNeg   . . .     SustAt   .     (shield restricted)
rPois  .         Gourm    .     b - +0 hat
rElec  .         Spirit   .     (no cloak)
rCorr  .         Warding  .     (no gloves)
rMut   .         Stasis   .     (no boots)
MR     .....                    (no amulet)
Stlth  ++........               (no ring)
                                (no ring)

@: very slightly contaminated, not resistant to hostile enchantments, unstealthy
A: carnivore 3
a: no special abilities


You were on level 1 of the Dungeon.
You were very full.

You visited 1 branch of the dungeon, and saw 2 of its levels.

You collected 48 gold pieces.

Inventory:

Hand weapons
 e - a +0 club
 h - a +0 short sword (weapon)
Missiles
 i - 15 stones (quivered)
 k - 2 throwing nets {=f}
 p - 7 tomahawks
Armour
 a - a +0 robe (worn)
 b - a +0 hat (worn)
Scrolls
 g - a scroll of immolation {unknown}
 j - a scroll of enchant weapon {unknown}
 n - a scroll of blinking {!r}
Potions
 l - a potion of magic {unknown}
 m - 2 potions of might
 o - a potion of invisibility {unknown}
Books
 c - a book of Minor Magic

   Spells                             Type                      Level
   a - Magic Dart                     Conjuration                  1
   b - Blink                          Translocation                2
   c - Call Imp                       Summoning                    2
   d - Repel Missiles                 Charms/Air                   2
   e - Slow                           Hexes                        2
   f - Conjure Flame                  Conjuration/Fire             3
   g - Mephitic Cloud                 Conjuration/Poison/Air       3
Comestibles
 d - 3 meat rations


   Skills:
 - Level 2.4 Dodging
 - Level 2.6 Stealth
 + Level 3.0 Spellcasting
 + Level 2.8 Conjurations
 - Level 1.0 Summonings
   Level 1.0 Translocations
 + Level 0.0 Fire Magic
 + Level 0.6 Air Magic
 + Level 0.8 Poison Magic


You couldn't memorise any spells.
You knew the following spells:

 Your Spells              Type           Power        Failure   Level  Hunger
a - Magic Dart            Conj           ##..         8%          1    #......
b - Call Imp              Summ           #.......     21%         2    ##.....
d - Conjure Flame         Conj/Fire      #.......     34%         3    ###....
C - Mephitic Cloud        Conj/Pois/Air  #.......     34%         3    ###....


Dungeon Overview and Level Annotations

Branches:
Dungeon (2/15)

Altars:

Annotations:
D:1 Jessica


Innate Abilities, Weirdness & Mutations

You are small and have problems with some larger weapons.
You are carnivorous and can eat meat at any time.


Message History

Aim: Jessica, wielding a club and wearing a robe (heavily wounded, fast)
The magic dart hits Jessica.
Jessica is heavily wounded.
Jessica closely misses you.
Casting: Magic Dart
Confirm with . or Enter, or press ? or * to list all spells.
Aiming: Magic Dart
Press: ? - help, Shift-Dir - straight line, f/p - Jessica
Aim: Jessica, wielding a club and wearing a robe (heavily wounded, fast)
The magic dart hits Jessica.
Jessica is almost dead.
* * * LOW MAGIC WARNING * * *
Jessica grins evilly.
Jessica hits you with a club.
You closely miss Jessica.
Jessica is almost dead.
Jessica gestures at you while chanting. Pain shoots through your body!
Ouch! That really hurt!
You die...

......▓'▓▓.....▓..▓ ▓.▓
.▓▓▓▓.......▓▓.▓..▓ ▓)▓ .▓
▓........▓....▓ ▓.▓▓▓▓▓▓
▓▓▓▓▓).......▓▓...▓▓▓ ▓▓▓▓'▓.....
......▓..▓+▓.▓▓.....▓ ▓..........
....▓▓▓..▓.▓.▓▓▓.▓▓.▓ ▓..........
..................▓.▓ ▓..........
▓▓▓.▓▓▓▓▓..▓▓▓▓▓@.▓.▓ ▓......)...
+............)..K.▓.▓ ▓..........
▓▓▓.▓▓▓▓▓..▓▓▓▓▓▓.▓.▓ ▓......)...
................▓.▓.▓ ▓▓▓▓'▓'▓.▓.
▓▓▓.▓▓▓▓........▓.▓.▓ ▓.▓.▓.▓.
................▓...▓▓▓▓▓▓.▓.▓.▓.
▓▓..................'......▓.▓'▓▓
▓▓..................▓▓▓▓▓▓▓▓.....
...........▓...............'.....
▓▓.▓▓.▓▓.▓.▓▓▓▓.)..▓▓▓▓▓▓▓▓▓.....


You could see Jessica.

Vanquished Creatures
  2 giant cockroaches (D:1)
  8 hobgoblins (D:1)
  4 jackals (D:1)
  A ball python (D:1)
  4 bats (D:1)
  6 goblins (D:1)
  5 kobolds (D:1)
  4 rats (D:1)
34 creatures vanquished.

Vanquished Creatures (collateral kills)
  2 gnolls (D:1)
2 creatures vanquished.

Grand Total: 36 creatures vanquished

Notes
Turn   | Place    | Note
--------------------------------------------------------------
     0 | D:1      | utis the Kobold Wizard began the quest for the Orb.
     0 | D:1      | Reached XP level 1. HP: 10/10 MP: 4/4
     3 | D:1      | Reached skill level 1 in Conjurations
   332 | D:1      | Reached XP level 2. HP: 15/15 MP: 0/6
   395 | D:1      | Learned a level 2 spell: Call Imp
   969 | D:1      | Reached XP level 3. HP: 19/19 MP: 0/7
  1041 | D:1      | Learned a level 3 spell: Mephitic Cloud
  2207 | D:1      | Reached XP level 4. HP: 24/24 MP: 1/8
  2324 | D:1      | Learned a level 3 spell: Conjure Flame
  2369 | D:2      | Noticed Jessica
  2389 | D:1      | Killed from afar by Jessica

Vault maps used:
D:1:      dpeg_arrival_rhombus
D:2:      wad_lake_hut, uniq_jessica

Action                   |  1- 3 |  4- 6 || total
-------------------------+-------+-------++-------
Melee: Short sword       |    18 |     3 ||    21
 Cast: Magic Dart        |    78 |     2 ||    80
       Call Imp          |     5 |     3 ||     8
  Use: Scroll            |       |     2 ||     2
 Stab: Sleeping          |     1 |       ||     1
  Eat: Chunk             |    12 |     1 ||    13
